 Dungeon Crawl Stone Soup version 0.32-a0-900-g30fb1b0edc (webtiles) character file.

Game seed: 18004417806830946886

3768 senseless the Fighter (level 9, -8/85 HPs)
             Began as a Minotaur Fighter on Apr 5, 2024.
             Was a High Priest of Wu Jian.
             Splashed by a jelly's acid (10 damage)
             ... on level 8 of the Dungeon.
             The game lasted 00:19:14 (6929 turns).

senseless the Fighter (Minotaur Fighter)            Turns: 6929, Time: 00:19:15

Health: -8/85      AC:  6    Str: 24    XL:     9   Next: 94%
Magic:  8/8        EV:  7    Int:  5    God:    Wu Jian [*****.]
Gold:   562        SH: 10    Dex: 11    Spells: 8/8 levels left

rFire   . . .        f - +3 broad axe (elec)
rCold   + . .        c - +0 buckler
rNeg    . . .        x - +1 plate armour
rPois   .            (helmet restricted)
rElec   .            b - scarf {shadows}
rCorr   .            (no gloves)
SInv    +            (no boots)
Will    .....        s - amulet of reflection Stlth
                     m - ring of protection from cold
HPRegen 0.34/turn    u - ring of see invisible
MPRegen 0.11/turn

%: reflection
@: lethally poisoned (-8 -> -24), corroded
A: horns 2, retaliatory headbutt
a: Renounce Religion, Wall Jump, Serpent's Lash, Heavenly Storm


You were on level 8 of the Dungeon.
You worshipped Wu Jian.
Wu Jian was extremely pleased with you.
You visited 1 branch of the dungeon, and saw 8 of its levels.

You collected 562 gold pieces.

Inventory:

Hand Weapons
 f - a +3 broad axe of electrocution (weapon)
 h - a +0 hand axe of flaming
Armour
 b - a scarf of shadows (worn)
 c - a +0 buckler (worn)
 x - a +1 plate armour (worn)
Jewellery
 i - a ring of magical power
 m - a ring of protection from cold (left hand)
 s - an amulet of reflection (around neck)
 u - a ring of see invisible (right hand)
Wands
 l - a wand of paralysis (12) (quivered)
 p - a wand of iceblast (8)
Scrolls
 e - 4 scrolls of revelation
 j - a scroll of blinking
 o - 2 scrolls of immolation
 r - a scroll of identify
Potions
 a - a potion of enlightenment
 d - 2 potions of might
 g - 2 potions of cancellation
 n - a potion of mutation
 q - a potion of attraction
 t - a potion of resistance {unknown}
 w - 2 potions of brilliance


   Skills:
 * Level 10.1 Fighting
 * Level 9.6 Axes
 + Level 6.7 Armour
 + Level 4.9 Dodging
 + Level 8.2 Shields


You had 8 spell levels left.
You didn't know any spells.
Your spell library contained the following spells:

 Spells                   Type           Power      Damage    Failure   Level
 Blink                    Tloc           0%         N/A       100%        2
 Lesser Beckoning         Tloc           0%         N/A       100%        2
 Momentum Strike          Conj/Tloc      0%         3d8       100%        2
 Animate Armour           Summ/Erth      0%         N/A       100%        4
 Summon Lightning Spire   Summ/Air       0%         N/A       100%        4
 Lee's Rapid Deconstruct  Erth           0%         3d4*      100%        5


Dungeon Overview and Level Annotations

Branches:
Dungeon (8/15)             Temple (0/1) D:5
   Lair: D:8-11

Altars:
Ashenzari
Dithmenos
Elyvilon
Qazlal
Uskayaw
Wu Jian

Shops:
D:6 (


Innate Abilities, Weirdness & Mutations

You have a pair of horns on your head.
You reflexively headbutt those who attack you in melee.


Message History

You are more poisoned.
The kobold throws a stone.
You block the stone with an invisible shield... and reflect it back!
The stone hits the kobold.
A kobold brigand comes into view.
It is wielding a +0 whip and quivering curare-tipped darts.
Unknown command.
The kobold brigand shouts!
You slash the orc! Lightning courses through the orc!
You kill the orc!
The Council accepts your kill.
You hit the orc warrior.
* * * LOW HITPOINT WARNING * * *
You feel very sick.
You hear a shout! x2
You block the orc warrior's attack.
The kobold throws a stone.
You block the stone with an invisible shield... and reflect it back!
The stone closely misses the kobold.
The orc warrior barely misses you. You furiously retaliate!
You headbutt the orc warrior.
You feel better. You block the kobold's attack.
You block the orc warrior's attack.
You barely miss the orc warrior. Your headbutt misses the orc warrior.
The orc warrior is heavily wounded.
You hit the kobold. Lightning courses through the kobold!!
You kill the kobold!
The Council accepts your kill.
The orc warrior hits you with a +1 halberd of venom!
* * * LOW HITPOINT WARNING * * *
You are lethally poisoned!
You closely miss the kobold. You headbutt the kobold.
You kill the kobold!
The Council accepts your kill.
You completely miss the orc warrior. You slash the jelly!
The acid corrodes you!
Your hands burn!
* * * LOW HITPOINT WARNING * * *
x2 You feel very sick.
A kobold comes into view. It is wielding a +0 short sword.
The jelly hits you.
* * * LOW HITPOINT WARNING * * *
The acid corrodes you!
You are splashed with acid!
You die...

....$#.....##.>..##...#
<.........######.....##.
kK....##..........##.#..
................#.##....
..........#.....#.###...
##.).#........###.......
.....K>)....#.# #####...
......J######.# #.#.
.....))@# #.# #...
.......o...##.# ####
.........#..#.# #....
.......#.. .#.. #.###
.......##.. .. #
.......# ### # # .....#
# .


You could see an orc warrior, a kobold brigand, a jelly and a kobold.

Vanquished Creatures
  A wyvern (D:7)
  4 yaks (D:7)
  A steam dragon (D:6)
  Edmund (D:6)
  2 water moccasins
  2 orc warriors
  3 ice beasts
  A sky beast (D:7)
  A black bear (D:6)
  3 centaurs
  An ogre (D:5)
  Blork the orc (D:6)
  2 scorpions
  3 bullfrogs
  3 wights (D:8)
  A bombardier beetle (D:5)
  4 hounds
  4 jellies
  4 orc priests
  5 orc wizards
  4 iguanas
  10 gnolls
  12 adders
  A shadow imp (D:6)
  5 white imps
  3 ribbon worms
  42 orcs
  10 bats
  11 endoplasms
  5 giant cockroaches
  38 goblins
  23 hobgoblins
  3 jackals (D:1)
  14 kobolds
  2 quokkas
  4 ball pythons
  7 frilled lizards
  6 rats
247 creatures vanquished.

Vanquished Creatures (others)
  A gnoll (D:4)
  A hobgoblin (D:4)
2 creatures vanquished.

Grand Total: 249 creatures vanquished

Notes
Turn   | Place    | Note
-------+----------+-------------------------------------------
     0 | D:1      | senseless the Minotaur Fighter began the quest for the Orb.
     0 | D:1      | Reached XP level 1. HP: 19/19 MP: 0/0
    15 | D:1      | Found a faded altar of an unknown god.
    61 | D:1      | Prayed at the altar of an unknown god.
    61 | D:1      | Became a worshipper of the Wu Jian Council
    61 | D:1      | Reached * piety under Wu Jian
    79 | D:1      | Reached XP level 2. HP: 27/27 MP: 1/1
   142 | D:1      | Reached skill level 4 in Fighting
   366 | D:1      | Reached ** piety under Wu Jian
   367 | D:1      | Reached XP level 3. HP: 32/33 MP: 2/2
   573 | D:2      | Reached XP level 4. HP: 29/41 MP: 3/3
  1351 | D:3      | Reached skill level 5 in Fighting
  1404 | D:3      | Reached XP level 5. HP: 48/48 MP: 4/4
  1500 | D:3      | Reached *** piety under Wu Jian
  1514 | D:3      | Reached skill level 5 in Shields
  1976 | D:3      | Found a broken altar of Ashenzari.
  1976 | D:3      | Found a hide-covered altar of Uskayaw.
  2200 | D:4      | Found a stormy altar of Qazlal.
  2291 | D:4      | Identified a scroll of acquirement
  2291 | D:4      | Acquired a +2 vampiric broad axe
  2651 | D:4      | Reached XP level 6. HP: 51/56 MP: 5/5
  2730 | D:4      | Reached **** piety under Wu Jian
  2871 | D:4      | Reached skill level 5 in Axes
  2910 | D:4      | Reached skill level 6 in Fighting
  2918 | D:4      | Reached ***** piety under Wu Jian
  3602 | D:5      | Entered Level 5 of the Dungeon
  3635 | D:5      | Reached XP level 7. HP: 50/64 MP: 6/6
  3739 | D:5      | Reached skill level 1 in Dodging
  3744 | D:5      | Found a staircase to the Ecumenical Temple.
  3800 | D:5      | Reached skill level 7 in Fighting
  3982 | D:5      | Reached XP level 8. HP: 67/73 MP: 7/7
  4327 | D:5      | Reached skill level 5 in Armour
  4372 | D:5      | Found an ornate altar of the Wu Jian Council.
  4547 | D:5      | Reached skill level 8 in Fighting
  5036 | D:6      | Noticed Blork the orc
  5041 | D:6      | Killed Blork the orc
  5173 | D:6      | Noticed Edmund
  5186 | D:6      | Killed Edmund
  5187 | D:6      | Reached XP level 9. HP: 77/80 MP: 8/8
  5560 | D:6      | Found Giguom's Antique Weapon Shoppe.
  5874 | D:7      | Reached skill level 9 in Fighting
  5971 | D:7      | Found a white marble altar of Elyvilon.
  6007 | D:7      | Found a shadowy altar of Dithmenos.
  6749 | D:8      | Reached skill level 10 in Fighting
  6929 | D:8      | HP: 3/85 [poisoned by an orc warrior]
  6929 | D:8      | Splashed by a jelly's acid

Illustrated notes

Levels and vault maps discovered:
D:1:      lemuel_arrival_broad_hall, layout_rooms,
          hellmonk_ecumenical_altar_pennies_from_heaven
D:2:      layout_loops_cross
D:3:      layout_loops_ring, gammafunk_temple_overflow_elements,
          dk_noncrumbling_4, chequers_serial_rivers_large_b, minivault_14
D:4:      minmay_goblin_kobold_castle, layout_basic, grunt_qazlal_sundering
D:5:      layout_loops_ring, mainiacjoe_overflow_alcove_2,
          minmay_temple_entry_antechambers
D:6:      layout_basic, serial_shops, nicolae_shop_tiny_real_fake_doors,
          kennysheep_small_spiral, roderic_lattice_a, uniq_edmund,
          uniq_blork_the_orc
D:7:      layout_basic, lemuel_tele_altar, mainiacjoe_overflow_alcove_1
D:8:      layout_rooms

Skill      XL: |  1  2  3  4  5  6  7  8  9 |
---------------+----------------------------+-----
Fighting       | 4 5 6 7 8 10 | 10.1
Shields        | 4 5 6 7 8 |  8.2
Axes           | 3 4 5 6 8 9 |  9.6
Dodging        | 2 3 4 |  4.9
Armour         | 4 5 6 |  6.7

Action                     |  1- 3 |  4- 6 |  7- 9 || total
---------------------------+-------+-------+-------++-------
  Melee: War axe           |    61 |    88 |       ||   149
         Headbutt          |     8 |    31 |    39 ||    78
         Short sword       |       |    48 |       ||    48
         Broad axe         |       |   122 |   191 ||   313
  Throw: Dart              |       |     2 |     1 ||     3
Ability: Lunge             |     2 |    20 |    16 ||    38
         Whirlwind         |       |     3 |       ||     3
    Use: Scroll            |       |    13 |     7 ||    20
         Potion            |       |       |     3 ||     3
   Stab: Held in net/web   |       |       |     1 ||     1
 Armour: Scale mail        |    58 |    95 |       ||   153
         Plate armour      |       |   104 |   121 ||   225
  Dodge: Dodged            |    36 |    89 |    47 ||   172
  Block: Buckler           |    16 |   128 |    81 ||   225
         Reflection        |       |    13 |     7 ||    20

Table legend: (Time is in decaauts)
 A = Elapsed time spent in this place.
 B = Non-inter-level travel time spent in this place.
 C = Inter-level travel time spent in this place.
 D = Time resting spent in this place.
 E = Time spent auto-exploring this place.
 F = Levels seen in this place.
 G = Mean time per level.
                   A        B        C        D        E       F      G
               +--------+--------+--------+--------+--------+-----+--------+
         Total |   7105 |   6796 |    309 |      2 |   5609 |   8 |  888.1 |
       Dungeon |   7105 |   6796 |    309 |      2 |   5609 |   8 |  888.1 |
               +--------+--------+--------+--------+--------+-----+--------+

Top non-repeatable levels by time:
     D:4: 1495 daAuts
     D:6: 1116 daAuts
     D:5: 1057 daAuts
     D:7: 1013 daAuts
     D:3: 875 daAuts
     D:2: 801 daAuts
     D:1: 555 daAuts
     D:8: 190 daAuts
